 Dungeon Crawl Stone Soup version 0.20-a0-785-g17250f0 (webtiles) character file.

92213 Gorglomux the Scorcher (level 15, -6/121 HPs)
             Began as a Purple Draconian Fire Elementalist on Feb 26, 2017.
             Was a High Priest of Vehumet.
             Mangled by a redback (15 damage)
             ... on level 2 of the Spider Nest on Feb 27, 2017.
             The game lasted 01:25:05 (30639 turns).

Gorglomux the Scorcher (DrFE)                      Turns: 30639, Time: 01:25:05

Health: -6/121     AC: 13    Str: 13    XL:     15   Next: 57%
Magic:  8/40       EV: 14    Int: 20    God:    Vehumet [*****.]
Gold:   1639       SH:  3    Dex: 11    Spells: 3/38 levels left

rFire    . . .     SeeInvis .   i - staff of energy
rCold    . . .     Gourm    .   (armour unavailable)
rNeg     . . .     Faith    .   (no shield)
rPois    .         Spirit   .   (helmet restricted)
rElec    .         Reflect  +   (no cloak)
rCorr    .         Harm     .   K - +0 pair of gloves
MR       ++...                  e - +2 pair of boots {run}
Stlth    ++........             q - +3 amulet of reflection
Regen    0.3/turn               h - ring of magical power
MPRegen  0.3/turn               D - ring of wizardry

@: quick
A: breathe power, unfitting armour, cold-blooded, AC +9
a: Breathe Dispelling Energy, Renounce Religion


You were on level 2 of the Spider Nest.
You worshipped Vehumet.
Vehumet was extremely pleased with you.
You were not hungry.

You visited 5 branches of the dungeon, and saw 22 of its levels.
You also visited: Bailey.

You collected 2569 gold pieces.
You spent 930 gold pieces at shops.

Inventory:

Missiles
 Z - 2 throwing nets (quivered)
Armour
 e - a +2 pair of boots of running (worn)
 K - a +0 pair of gloves (worn)
Magical Staves
 i - an uncursed staff of energy (weapon)
Jewellery
 f - an uncursed ring of protection from fire
 g - an uncursed ring of resist corrosion
 h - a ring of magical power (right hand)
 m - an uncursed ring of protection from magic
 q - a +3 amulet of reflection (around neck)
 D - a ring of wizardry (left hand)
Wands
 L - a wand of lightning (4/15)
Scrolls
 c - a scroll of recharging
 r - a scroll of immolation
 w - 5 scrolls of amnesia
 B - 2 scrolls of blinking
 G - 7 scrolls of remove curse
 M - a scroll of magic mapping
 R - 4 scrolls of identify
 T - a scroll of teleportation
 U - 3 scrolls of fog
 W - 3 scrolls of fear
Potions
 k - a potion of cancellation
 l - a potion of resistance
 n - 2 potions of berserk rage
 u - 4 potions of heal wounds
 z - 7 potions of mutation
 H - a potion of brilliance
 N - 2 potions of invisibility
 Q - a potion of flight
 V - 3 potions of agility
 X - 11 potions of curing
Books
 S - a book of Alchemy

   Spells                             Type                      Level
   a - Sublimation of Blood           Necromancy                   2
   b - Ignite Poison                  Fire/Transmutation/Poison    3
   c - Petrify                        Transmutation/Earth          4
   d - Alistair's Intoxication        Transmutation/Poison         5
   e - Irradiate                      Conjuration/Transmutation    5
Comestibles
 b - 9 bread rations
 s - 11 meat rations
 J - 7 royal jellies
 P - 26 fruits


   Skills:
 - Level 8.3 Fighting
   Level 4.1 Polearms
 - Level 6.0 Dodging
 - Level 1.7 Stealth
 - Level 12.0 Spellcasting
 - Level 9.0 Conjurations
 - Level 6.2 Hexes
 - Level 6.3 Charms
 - Level 18.1 Fire Magic
   Level 2.1 Air Magic
   Level 2.0 Poison Magic
 + Level 8.3 Evocations


You had 3 spell levels left.
You knew the following spells:

 Your Spells              Type           Power        Failure   Level  Hunger
a - Flame Tongue          Conj/Fire      #####        1%          1    None
b - Sticky Flame          Conj/Fire      ######..     1%          4    None
c - Fireball              Conj/Fire      ######....   1%          5    None
d - Bolt of Fire          Conj/Fire      ######....   1%          6    None
e - Ignition              Fire           ######....   3%          8    None
j - Conjure Flame         Conj/Fire      ######..     1%          3    None
x - Confuse               Hex            #####...     1%          3    None
Z - Iskenderun's Battles  Conj/Chrm      #####...     1%          5    None


Dungeon Overview and Level Annotations

Branches:
Dungeon (11/15)            Temple (1/1) D:5            Lair (6/6) D:10
  Swamp (0/4) Lair:2       Spider (2/4) Lair:2        Slime (0/5) Lair:5
    Orc (2/2) D:9             Elf (0/3) Orc:2

Altars:
Ashenzari
Cheibriados
Dithmenos
Elyvilon
Fedhas
Gozag
Hepliaklqana
Kikubaaqudgha
Makhleb
Nemelex Xobeh
Okawaru
Qazlal
Ru
Sif Muna
Uskayaw
Vehumet
Wu Jian
Xom
Yredelemnul
Zin

Shops:
D:10 :   Orc:2 :*[(


Innate Abilities, Weirdness & Mutations

You can breathe bolts of dispelling energy.
Your rich purple scales are hard. (AC +9)
You cannot fit into any form of body armour.
You are cold-blooded and may be slowed by cold attacks.


Message History

The jumping spider is heavily wounded.
The jumping spider hisses angrily.
The fireball engulfs the redback.
The redback is almost dead.
The fireball engulfs the jumping spider.
You kill the jumping spider!
Vehumet accepts your kill.
You feel your power returning.
The fireball engulfs the jumping spider.
The jumping spider is almost dead.
A jumping spider comes into view.
Casting: Ignition
Confirm with . or Enter, or press ? or * to list all spells.
Aiming: Bolt of Fire
Press: ? - help, Shift-Dir - straight line, f - redback
Aim: a redback (almost dead)
The bolt of fire misses the redback.
The jumping spider hisses angrily.
The redback bites you!
You die...

#.....................s†.
#.....(........s.........
##...........s...#†...§...
##........†.†..............
##...^................>.....
#......#....#...........†...
###...†.....§..#........§...
#......^..s.†..............
##...#....@................
#.##.<....†.†.#...........
## ##.....[...............
#.......#.............
#......#...............
##..#..................
#......................
.^.....................
#.............†.......#


You could see 2 jumping spiders and a redback.

Vanquished Creatures
  Gastronok (Lair:1)
  3 orc warlords
  A stone giant (Orc:2)
  5 dire elephants (Lair:6)
  Snorg (Lair:4)
  Fannar (Orc:1)
  Harold (D:10)
  9 hydras
  Erolcha (Orc:2)
  An anaconda (Lair:6)
  A catoblepas (Lair:4)
  A two-headed ogre (D:8)
  Urug (D:11)
  5 orc high priests
  Sonja (Lair:1)
  9 death yaks
  2 unseen horrors
  3 swamp dragons (Lair:5)
  A necromancer (Spider:1)
  An orb spider (Spider:2)
  2 wolf spiders (Spider:2)
  13 wolf spider zombies (Spider:1)
  4 orc knights
  5 orc sorcerers
  An ugly thing (D:11)
  A cyclops (D:10)
  13 elephants
  3 black mambas
  A gargoyle (D:11)
  9 spiny frogs
  7 komodo dragons
  2 rime drakes
  7 redback zombies (Spider:1)
  6 jumping spiders (Spider:2)
  13 blink frogs
  Prince Ribbit (D:7)
  3 trolls
  Grinder (D:5)
  10 hippogriffs
  A dream sheep (Lair:5)
  4 tarantella zombies (Spider:1)
  36 yaks
  Sigmund (D:2)
  7 tarantellas (Spider:2)
  8 redbacks
  3 wyverns
  3 hogs (D:8)
  Grum (D:10)
  A human (D:8)
  2 basilisks
  A steam dragon (Lair:2)
  A vampire mosquito (Lair:5)
  Menkaure (D:5)
  4 swamp worms (Lair:5)
  4 wargs (Orc:1)
  15 water moccasins
  12 porcupines
  39 orc warriors
  4 ice beasts
  2 sky beasts (D:11)
  A swamp drake (Lair:5)
  A black bear (D:8)
  An eye of draining (Lair:5)
  2 necrophages
  7 ogres
  9 centaurs
  18 crocodiles
  22 wolves
  2 big kobolds
  Blork the orc (D:5)
  13 bullfrogs
  A wyvern skeleton (D:6)
  2 scorpions
  15 killer bees
  8 wights
  4 howler monkeys
  3 bullfrog zombies
  4 crimson imps
  A centaur zombie (D:7)
  A quasit (D:6)
  23 orc priests
  3 hounds
  2 centaur skeletons
  3 jellies
  A bullfrog skeleton (D:8)
  5 iguanas
  34 orc wizards
  4 worker ants
  2 hound skeletons
  2 hound zombies
  A howler monkey zombie (D:5)
  13 gnolls (Bailey)
  A howler monkey skeleton (D:6)
  12 adders
  3 shadow imps (D:10)
  An ooze (D:2)
  An adder zombie (D:9)
  A worm (D:2)
  3 dart slugs (D:1)
  5 leopard geckos
  98 orcs
  3 bats
  12 giant cockroaches
  15 hobgoblins
  7 jackals
  4 quokkas
  A ball python (D:5)
  5 frilled lizards
  A giant cockroach zombie (D:5)
  4 goblins (D:7)
  30 kobolds
  A leopard gecko zombie (D:9)
  9 rats
  A bush (Lair:5)
  2 butterflies (Lair:1)
  A fungus (Lair:4)
  2 plants (Lair:6)
733 creatures vanquished.

Vanquished Creatures (others)
  4 dream sheep (Lair:5)
  18 fungi
  9 plants
31 creatures vanquished.

Grand Total: 764 creatures vanquished

Notes
Turn   | Place    | Note
-------+----------+-------------------------------------------
     0 | D:1      | Gorglomux the Draconian Fire Elementalist began the quest for the Orb.
     0 | D:1      | Reached XP level 1. HP: 14/14 MP: 3/3
   282 | D:1      | Reached XP level 2. HP: 20/20 MP: 1/5
   952 | D:2      | Reached skill level 3 in Conjurations
  1088 | D:2      | Reached XP level 3. HP: 19/26 MP: 0/6
  1172 | D:2      | Noticed Sigmund
  1179 | D:2      | Learned a level 3 spell: Conjure Flame
  2218 | D:3      | Reached skill level 3 in Spellcasting
  2218 | D:3      | Reached XP level 4. HP: 33/33 MP: 4/8
  2226 | D:3      | Learned a level 4 spell: Sticky Flame
  2460 | D:3      | Noticed a bullfrog
  2464 | D:3      | Killed a bullfrog
  2464 | D:3      | Reached XP level 5. HP: 37/38 MP: 4/9
  3077 | D:2      | Killed Sigmund
  3077 | D:2      | Reached skill level 4 in Fire Magic
  3077 | D:2      | Reached XP level 6. HP: 36/45 MP: 3/10
  3201 | D:4      | Found a snail-covered altar of Cheibriados.
  3455 | D:4      | Reached skill level 5 in Fire Magic
  4184 | D:5      | Entered Level 5 of the Dungeon
  4229 | D:5      | Your scales start taking on a rich purple colour.
  4229 | D:5      | Reached XP level 7. HP: 30/50 MP: 0/12
  4384 | D:5      | Noticed Grinder
  4398 | D:5      | Killed Grinder
  4451 | D:5      | Found a staircase to the Ecumenical Temple.
  4518 | Temple   | Entered the Ecumenical Temple
  4549 | Temple   | Became a worshipper of Vehumet
  4620 | D:5      | Reached skill level 6 in Conjurations
  4620 | D:5      | Reached skill level 6 in Fire Magic
  4871 | D:5      | Noticed Blork the orc
  4884 | D:5      | Killed Blork the orc
  4985 | D:5      | Found a white marble altar of Elyvilon.
  4991 | D:5      | Noticed Menkaure
  4997 | D:5      | Killed Menkaure
  4997 | D:5      | Reached XP level 8. HP: 57/57 MP: 4/13
  5032 | D:5      | Reached skill level 7 in Fire Magic
  5365 | D:5      | Learned a level 5 spell: Fireball
  5915 | D:6      | Found a blossoming altar of Fedhas.
  6052 | D:6      | Reached * piety under Vehumet
  6052 | D:6      | Offered knowledge of Sandblast by Vehumet.
  6145 | D:6      | Found a sacrificial altar of Ru.
  6221 | D:6      | Reached skill level 6 in Spellcasting
  6673 | D:7      | Reached skill level 1 in Fighting
  6800 | D:7      | Reached skill level 3 in Fighting
  6800 | D:7      | Reached XP level 9. HP: 60/70 MP: 4/19
  6897 | D:7      | Found a flagged portal.
  6911 | Bailey   | Entered a bailey
  6925 | Bailey   | Offered knowledge of Searing Ray by Vehumet.
  7067 | Bailey   | Reached ** piety under Vehumet
  7470 | D:7      | Noticed Prince Ribbit
  7485 | D:7      | Killed Prince Ribbit
  7848 | D:7      | Reached skill level 6 in Fighting
  8197 | D:8      | Reached skill level 1 in Polearms
  8389 | D:8      | Offered knowledge of Mephitic Cloud by Vehumet.
  8419 | D:8      | Learned a level 3 spell: Mephitic Cloud
  8433 | D:8      | Reached skill level 1 in Air Magic
  8433 | D:8      | Reached skill level 1 in Poison Magic
  8682 | D:8      | Learned a level 3 spell: Confuse
  8702 | D:8      | Found a sparkling altar of Nemelex Xobeh.
  8720 | D:8      | Reached skill level 1 in Hexes
  8804 | D:8      | Reached *** piety under Vehumet
  8995 | D:8      | Reached skill level 3 in Hexes
  9001 | D:8      | Noticed a two-headed ogre
  9022 | D:8      | Killed a two-headed ogre
  9022 | D:8      | Reached XP level 10. HP: 44/83 MP: 0/20
  9174 | D:8      | Reached skill level 6 in Hexes
  9609 | D:8      | Offered knowledge of Force Lance by Vehumet.
 10029 | D:9      | Found an opulent altar of Gozag.
 10029 | D:9      | Reached skill level 8 in Fire Magic
 10358 | D:9      | Found a staircase to the Orcish Mines.
 10605 | D:9      | Found a white marble altar of Elyvilon.
 10625 | D:9      | Noticed an unseen horror
 10628 | D:9      | Killed an unseen horror
 10628 | D:9      | Reached skill level 9 in Conjurations
 10628 | D:9      | Reached skill level 9 in Fire Magic
 10654 | D:9      | Found a hide-covered altar of Uskayaw.
 10717 | D:9      | Reached **** piety under Vehumet
 10923 | D:10     | Entered Level 10 of the Dungeon
 10928 | D:10     | Reached skill level 3 in Polearms
 11167 | D:10     | Offered knowledge of Iskenderun's Mystic Blast by Vehumet.
 11209 | D:10     | Noticed a cyclops
 11256 | D:10     | Killed a cyclops
 11256 | D:10     | Reached skill level 3 in Dodging
 11256 | D:10     | Reached XP level 11. HP: 83/89 MP: 3/21
 11395 | D:10     | Found Luutuek's Book Boutique.
 11856 | D:10     | Noticed Grum
 11877 | D:10     | Killed Grum
 12143 | D:10     | Noticed Harold
 12208 | D:10     | Killed Harold
 12625 | D:10     | Found a staircase to the Lair.
 12633 | Lair:1   | Entered Level 1 of the Lair of Beasts
 12649 | Lair:1   | Noticed Sonja
 12660 | Lair:1   | Killed Sonja
 13756 | Lair:1   | Noticed Gastronok
 13772 | Lair:1   | Reached skill level 6 in Dodging
 13909 | Lair:1   | Killed Gastronok
 13909 | Lair:1   | Reached skill level 10 in Fire Magic
 14512 | Orc:1    | Entered Level 1 of the Orcish Mines
 14512 | Orc:1    | Noticed an orc warlord
 14514 | Orc:1    | Noticed an orc warlord
 14672 | D:11     | Noticed a purple ugly thing
 14680 | D:11     | Killed a purple ugly thing
 15259 | D:11     | Reached ***** piety under Vehumet
 15259 | D:11     | Offered knowledge of Iskenderun's Battlesphere by Vehumet.
 15263 | D:11     | Noticed an eight-headed hydra
 15309 | D:10     | Learned a level 5 spell: Iskenderun's Battlesphere
 15310 | D:11     | Noticed a seven-headed hydra
 15310 | D:11     | Noticed a seven-headed hydra
 15313 | D:11     | Reached skill level 1 in Charms
 15313 | D:11     | Reached XP level 12. HP: 92/102 MP: 8/22
 15320 | D:10     | Killed a seven-headed hydra
 15320 | D:10     | Reached skill level 3 in Charms
 15737 | D:11     | Noticed Urug
 15763 | D:11     | Killed Urug
 16124 | D:11     | Killed an eight-headed hydra
 16124 | D:11     | Reached skill level 6 in Charms
 16322 | D:11     | Reached skill level 11 in Fire Magic
 16627 | D:11     | Killed a seven-headed hydra
 16845 | D:10     | Bought a book of Fire for 780 gold pieces
 16957 | Lair:2   | Noticed an eight-headed hydra
 16963 | Lair:2   | Killed an eight-headed hydra
 17060 | Lair:2   | Identified a +1 pair of boots of running (You found it on level 2 of the Lair of Beasts)
 17399 | Lair:2   | Learned a level 7 spell: Ring of Flames
 17441 | Lair:2   | Found a staircase to the Swamp.
 17511 | Lair:2   | Learned a level 6 spell: Bolt of Fire
 17514 | Lair:2   | Found a hole to the Spider Nest.
 17655 | Lair:2   | Reached skill level 9 in Spellcasting
 17940 | Lair:2   | Reached skill level 12 in Fire Magic
 18439 | Lair:3   | Got a scorched quarterstaff
 18443 | Lair:3   | Identified the cursed +2 quarterstaff "Ekhad" {vamp, rPois Int+4 Stlth+} (You found it on level 3 of the Lair of Beasts)
 19314 | Lair:4   | Noticed a death yak
 19314 | Lair:4   | Noticed a death yak
 19314 | Lair:4   | Noticed a death yak
 19477 | Lair:4   | Noticed a catoblepas
 19487 | Lair:4   | Killed a catoblepas
 19487 | Lair:4   | Reached XP level 13. HP: 95/107 MP: 5/26
 19768 | Lair:4   | Noticed Snorg
 19781 | Lair:4   | Killed Snorg
 20277 | Lair:4   | Reached skill level 13 in Fire Magic
 21192 | Lair:5   | Identified 3 scrolls of acquirement
 21552 | Lair:5   | Found a shimmering altar of Xom.
 21553 | Lair:5   | Offered knowledge of Venom Bolt by Vehumet.
 21751 | Lair:5   | Learned a level 8 spell: Ignition
 22205 | Lair:5   | Reached skill level 12 in Spellcasting
 22549 | Lair:5   | Reached skill level 14 in Fire Magic
 22877 | Lair:5   | Found a staircase to the Slime Pits.
 23308 | Lair:6   | Entered Level 6 of the Lair of Beasts
 23717 | Lair:6   | Reached XP level 14. HP: 99/115 MP: 2/30
 24236 | Lair:6   | Reached skill level 15 in Fire Magic
 25545 | Lair:6   | Reached skill level 16 in Fire Magic
 26426 | D:9      | Killed an orc warlord
 26612 | Orc:1    | Killed an orc warlord
 26616 | Orc:1    | Reached skill level 17 in Fire Magic
 26834 | Orc:1    | Offered knowledge of Bolt of Magma by Vehumet.
 27080 | Orc:1    | Noticed Fannar
 27081 | Orc:1    | Killed Fannar
 27865 | Orc:2    | Entered Level 2 of the Orcish Mines
 27867 | Orc:2    | Noticed Erolcha
 27868 | Orc:2    | Killed Erolcha
 27917 | Orc:2    | Noticed a stone giant
 28488 | Orc:2    | Killed a stone giant
 28488 | Orc:2    | Reached XP level 15. HP: 71/121 MP: 4/31
 28506 | Orc:2    | Found a staircase to the Elven Halls.
 28714 | Orc:2    | Noticed an orc warlord
 28738 | Orc:2    | Killed an orc warlord
 28738 | Orc:2    | Reached skill level 18 in Fire Magic
 29555 | Orc:2    | Found Fyrid's General Store.
 29556 | Orc:2    | Found Nus Ogru's Book Emporium.
 29558 | Orc:2    | Found Waega's Antique Armour Emporium.
 29558 | Orc:2    | Found Erchasem's Antique Weapon Shoppe.
 29572 | Orc:2    | Bought 2 potions of heal wounds for 150 gold pieces
 29701 | Orc:1    | Reached skill level 1 in Evocations
 29894 | Lair:1   | Upgraded the game from 0.20-a0-754-g13ddd6e to 0.20-a0-785-g17250f0
 29996 | Spider:1 | Entered Level 1 of the Spider Nest
 30066 | Spider:1 | Reached skill level 3 in Evocations
 30080 | Spider:1 | Offered knowledge of Spellforged Servitor by Vehumet.
 30225 | Spider:1 | Reached skill level 6 in Evocations
 30636 | Spider:2 | HP: 3/121 [poisoned by a redback]
 30639 | Spider:2 | Mangled by a redback

Vault maps used:
D:1:      minmay_arrival_three_doors
D:2:      uniq_sigmund
D:3:      minmay_roachtagon, first_bread, minmay_misc_feat_x
D:4:      kennysheep_six_static_rooms, cheibriados_altar_1
D:5:      elyvilon_altar_1, minmay_temple_entry_trees, serial_bayou_lake_a,
          uniq_blork_the_orc, uniq_grinder, uniq_menkaure
D:6:      nicolae_ru_path_of_blood, fedhas_altar_fruit_tree,
          corexii_item_surrounded_by_moat
D:7:      enter_bailey_3, minmay_holes, uniq_prince_ribbit1
D:8:      nicolae_overflow_crystal_walls, grunt_livestock,
          kennysheep_small_circle
D:9:      nicolae_gozag_cash_rules_everything_around_me,
          eat_drink_and_be_merry_uskayaw, david_orc_2, basic_altar
D:10:     lair_entry_dummy, serial_shops, kennysheep_mini_moat, uniq_grum,
          uniq_harold
D:11:     uniq_urug
Temple:   nicolae_temple_x_marks_the_god
Lair:1:   infiniplex_staircase_pool, lemuel_fruit_fields, uniq_sonja,
          uniq_gastronok
Lair:2:   swamp_mist, spider_nest_entry_webs, lemuel_fruit_tree,
          serial_bayou_shore_b
Lair:4:   uniq_snorg
Lair:5:   onia_ninara_swampy_vault, dpeg_slime_entry_corner,
          kb_xom_exploding_sheep, serial_bayou_shore_b
Lair:6:   due_jungle_book, serial_bayou_shore_a
Spider:1: lemuel_spider_zombies, uniq_asterion, uniq_louise, uniq_azrael
Orc:1:    uniq_fannar
Orc:2:    st_orc_congregation, statue_in_the_mist_lemuel, uniq_erolcha
Bailey:   bailey_axe_2, bailey

Skill      XL: |  1  2  3  4  5  6  7  8  9 10 11 12 13 14 15 |
---------------+----------------------------------------------+-----
Conjurations   | 2 3 4 5 6 7 9 |  9.0
Spellcasting   | 3 7 9 12 | 12.0
Fire Magic     | 4 5 6 7 9 10 12 14 17 18 | 18.1
Fighting       | 3 6 8 |  8.3
Polearms       | 2 3 4 |  4.1
Air Magic      | 2 |  2.1
Poison Magic   | 2 |  2.0
Hexes          | 5 6 |  6.2
Dodging        | 3 6 |  6.0
Charms         | 1 6 |  6.3
Evocations     | 8 |  8.3
Stealth        | |  1.7

Action                   |  1- 3 |  4- 6 |  7- 9 | 10-12 | 13-15 || total
-------------------------+-------+-------+-------+-------+-------++-------
Melee: Dagger            |     7 |       |       |       |       ||     7
       Tailslap          |     2 |     3 |     4 |    18 |     5 ||    32
       Whip              |     8 |    32 |    29 |       |       ||    69
       Morningstar       |       |       |     2 |       |       ||     2
       Halberd           |       |       |    41 |   205 |       ||   246
       Quarterstaff      |       |       |       |     7 |    27 ||    34
       Staff             |       |       |       |       |     9 ||     9
Throw: Throwing net      |       |       |       |       |     1 ||     1
 Cast: Flame Tongue      |    62 |    65 |   215 |   381 |   235 ||   958
       Conjure Flame     |     2 |     2 |     4 |    13 |     5 ||    26
       Sticky Flame      |       |     5 |    23 |    59 |    23 ||   110
       Fireball          |       |       |     7 |    46 |    23 ||    76
       Mephitic Cloud    |       |       |     1 |     5 |       ||     6
       Confuse           |       |       |     1 |     6 |     6 ||    13
       Iskenderun's Batt |       |       |       |    18 |    47 ||    65
       Bolt of Fire      |       |       |       |     6 |   212 ||   218
       Ignition          |       |       |       |       |    49 ||    49
 Abil: Breathe Dispellin |       |       |     8 |     5 |     5 ||    18
Evoke: Wand              |       |       |       |     2 |    15 ||    17
       Staff of energy   |       |       |       |       |    52 ||    52
  Use: Scroll            |     1 |     3 |     6 |    18 |    14 ||    42
       Potion            |     1 |       |       |     6 |     3 ||    10
 Stab: Sleeping          |       |       |     2 |     1 |       ||     3
       Confused          |       |       |       |     1 |       ||     1
       Distracted        |       |       |       |     1 |       ||     1
  Eat: Chunk             |     5 |     8 |    18 |    44 |    46 ||   121
       Bread ration      |       |       |     1 |       |       ||     1
       Royal jelly       |       |       |       |     6 |     1 ||     7
       Fruit             |       |       |       |     1 |     5 ||     6
       Meat ration       |       |       |       |     1 |       ||     1
Armor: Skin              |     9 |    27 |    72 |   151 |    50 ||   309
Dodge: Dodged            |    26 |    66 |   143 |   329 |   102 ||   666
Block: Other             |       |       |       |       |    24 ||    24
